 Dungeon Crawl Stone Soup version 0.19.1-1-g22dce08 (webtiles) character file.

41 ImaNewbie the Firebug (level 3, -3/26 HPs)
             Began as a Draconian Fire Elementalist on Jan 3, 2017.
             Slain by a worm (8 damage)
             ... on level 2 of the Dungeon.
             The game lasted 00:03:22 (1464 turns).

ImaNewbie the Firebug (Draconian Fire Elementalist) Turns: 1464, Time: 00:03:22

Health: -3/26      AC:  9    Str: 10    XL:     3   Next: 32%
Magic:  1/6        EV: 12    Int: 16    God:
Gold:   75         SH:  0    Dex: 11    Spells: 1 memorised, 5 levels left

rFire  . . .     SeeInvis .     l - +0 dagger
rCold  . . .     Gourm    .     (armour unavailable)
rNeg   . . .     Faith    .     (no shield)
rPois  .         Spirit   .     (helmet restricted)
rElec  .         Reflect  .     y - +1 cloak
rCorr  .         Harm     .     (no gloves)
MR     .....                    (no boots)
Stlth  ++........               (no amulet)
                                (no ring)
                                m - +2 ring of protection

@: very slightly contaminated
A: unfitting armour, cold-blooded, AC +5
a: no special abilities


You were on level 2 of the Dungeon.
You were not hungry.

You visited 1 branch of the dungeon, and saw 2 of its levels.

You collected 75 gold pieces.

Inventory:

Hand Weapons
 l - a +0 dagger (weapon)
Missiles
 g - 3 curare-tipped needles
 k - 5 needles of frenzy
Armour
 y - a +1 cloak (worn)
Jewellery
 m - a +2 ring of protection (left hand)
Scrolls
 e - 2 scrolls of random uselessness {unknown}
 i - a scroll of fog {unknown}
 j - a scroll of amnesia {unknown}
 o - a scroll of recharging {unknown}
 q - 2 scrolls of identify {unknown}
 t - a scroll of fear {unknown}
 w - a scroll of noise {unknown}
 x - a scroll of immolation {unknown}
Potions
 f - a potion of cure mutation {unknown}
 n - a potion of ambrosia {unknown}
 p - a potion of magic {unknown}
 r - a potion of curing {unknown}
 u - a potion of resistance {unknown}
 v - a potion of beneficial mutation {unknown}
Books
 a - a book of Flames

   Spells                             Type                      Level
   a - Flame Tongue                   Conjuration/Fire             1
   b - Throw Flame                    Conjuration/Fire             2
   c - Conjure Flame                  Conjuration/Fire             3
   d - Inner Flame                    Hexes/Fire                   3
   e - Sticky Flame                   Conjuration/Fire             4
   f - Fireball                       Conjuration/Fire             5
Comestibles
 b - a bread ration
 d - a beef jerky
 h - a slice of pizza
 s - 2 meat rations


   Skills:
 - Level 1.7 Dodging
 - Level 1.7 Stealth
 - Level 2.0 Spellcasting
 - Level 1.0 Conjurations
 + Level 4.4 Fire Magic


You had 5 spell levels left.
You knew the following spells:

 Your Spells              Type           Power        Failure   Level  Hunger
a - Flame Tongue          Conj/Fire      ##...        10%         1    #......


Dungeon Overview and Level Annotations

Branches:
Dungeon (2/15)

Altars:
Qazlal


Innate Abilities, Weirdness & Mutations

Your plain brown scales are hard. (AC +5)
You cannot fit into any form of body armour.
You are cold-blooded and may be slowed by cold attacks.


Message History

You hit the worm.
The worm is heavily wounded.
You hit the worm.
Your tail-slap misses the worm.
The worm is heavily wounded.
The worm barely misses you.
You barely miss the worm.
The worm is heavily wounded.
The worm misses you.
You hit the worm. You tail-slap the worm.
The worm is heavily wounded.
You hit the worm but do no damage.
The worm is heavily wounded.
The worm bites you!
* * * LOW HITPOINT WARNING * * *
You barely miss the worm.
Your tail-slap misses the worm.
The worm is heavily wounded.
You hit the worm.
The worm is heavily wounded.
The worm bites you!
You die...

#.#.....#...........#.....$
#........<@w........#......
####.######.........#......
§§§#.#§ #.........#......
§§§§#.#§ #...#............
§§§§#.#§ #.#.#.#####.###..
§§§§#_# #.#.#.# #.# #..
§§§§### ##....# #.# #.#
###### ..#


You could see a worm.

Vanquished Creatures
  A dart slug (D:1)
  A leopard gecko (D:1)
  3 bats (D:1)
  5 giant cockroaches
  5 goblins (D:1)
  4 hobgoblins
  4 kobolds
  A quokka (D:2)
  6 frilled lizards
  2 rats
32 creatures vanquished.

Notes
Turn   | Place    | Note
-------+----------+-------------------------------------------
     0 | D:1      | ImaNewbie the Draconian Fire Elementalist began the quest for the Orb.
     0 | D:1      | Reached XP level 1. HP: 14/14 MP: 3/3
   197 | D:1      | Reached XP level 2. HP: 20/20 MP: 0/5
   485 | D:1      | Reached skill level 4 in Fire Magic
   761 | D:1      | Reached XP level 3. HP: 26/26 MP: 3/6
  1336 | D:2      | Found a stormy altar of Qazlal.
  1464 | D:2      | Slain by a worm

Skill      XL: |  1  2 |
---------------+-------+-----
Fire Magic     | 4 |  4.4
Dodging        | |  1.7
Stealth        | |  1.7
Spellcasting   | |  2.0
Conjurations   | |  1.0

Action                   || total
-------------------------++-------
Melee: Unarmed           ||    23
       Tailslap          ||     4
       Dagger            ||    31
 Cast: Flame Tongue      ||    54
  Eat: Chunk             ||     3
Armor: Skin              ||    18
Dodge: Dodged            ||    44
